 Dungeon Crawl Stone Soup version 0.28-b1-1-g3c77fb2ed1 (webtiles) character file.

Game seed: 13360664203520217845

99 Minsecho the Chucker (level 4, -2/42 HPs)
             Began as an Ogre Arcane Marksman on Jan 30, 2022.
             Slain by an orc (4 damage)
             ... on level 3 of the Dungeon.
             The game lasted 00:07:24 (3940 turns).

Minsecho the Chucker (Ogre Arcane Marksman)         Turns: 3940, Time: 00:07:25

Health: -2/42      AC:  3    Str: 14    XL:     4   Next: 72%
Magic:  3/6        EV: 10    Int: 14    God:
Gold:   143        SH:  0    Dex: 11    Spells: 4/6 levels left

rFire   . . .      SeeInvis .   l - +1 dagger (vamp)
rCold   . . .      Faith    .   (no shield)
rNeg    . . .      Spirit   .   a - +0 robe
rPois   .          Reflect  .   (helmet restricted)
rElec   .          Harm     .   (no cloak)
rCorr   .          Rampage  .   (gloves unavailable)
Will    .....                   (boots unavailable)
Stlth   +.........              (no amulet)
HPRegen 0.14/turn               (no ring)
MPRegen 0.10/turn               (no ring)

@: no status effects
A: large, unfitting armour, tough skin 1
a: no special abilities


You were on level 3 of the Dungeon.
You visited 1 branch of the dungeon, and saw 4 of its levels.

You collected 143 gold pieces.

Inventory:

Hand Weapons
 d - a +2 dagger of draining
 l - a +1 vampiric dagger (weapon)
Missiles
 b - 4 large rocks
 c - a throwing net
 f - 2 boomerangs
 j - 59 stones (quivered)
Armour
 a - a +0 robe (worn)
Wands
 n - a wand of flame (6)
Scrolls
 e - a scroll of silence {unknown}
 g - 2 scrolls of enchant armour {unknown}
 h - a scroll of identify {unknown}
 k - a scroll of teleportation {unknown}
 p - a scroll of fear {unknown}
Potions
 i - 3 potions of heal wounds {unknown}
 m - 2 potions of curing {unknown}
 o - a potion of lignification {unknown}


   Skills:
 + Level 1.8 Fighting
 + Level 3.5 Throwing
 + Level 2.3 Dodging
 + Level 0.3 Stealth
 + Level 1.7 Spellcasting
 + Level 3.1 Hexes


You had 4 spell levels left.
You knew the following spells:

 Your Spells              Type           Power      Damage    Failure   Level
a - Slow                  Hex            40%        N/A       7%          1
b - Summon Small Mammal   Summ           4%         N/A       24%         1

Your spell library contained the following spells:

 Spells                   Type           Power      Damage    Failure   Level
 Inner Flame              Hex/Fire       5%         N/A       36%         3
 Portal Projectile        Hex/Tloc       10%        N/A       36%         3
 Summon Guardian Golem    Hex/Summ       5%         N/A       36%         3
 Cause Fear               Hex            5%         N/A       54%         4
 Call Canine Familiar     Summ           1%         N/A       58%         3


Dungeon Overview and Level Annotations

Branches:
Dungeon (4/15)
 Temple: D:4-7

Altars:
The Shining One

Shops:
D:1 (   D:4 =


Innate Abilities, Weirdness & Mutations

You are too large for most types of armour.
You have tough skin. (AC +1)


Message History

You hit the orc but do no damage.
The orc is lightly wounded.
The orc hits you with a +0 club.
* * * LOW HITPOINT WARNING * * *
You closely miss the orc.
The orc is lightly wounded.
The orc hits you but does no damage.
You hit the orc but do no damage.
The orc is lightly wounded.
The orc hits you with a +0 club.
* * * LOW HITPOINT WARNING * * *
Throw: 6 large rocks
Press: ? - help, Q - select action, (/) - cycle Shift-Dir - straight line, f - orc
Aim: an orc, wielding a +0 club and wearing a +0 scale mail (lightly wounded, 60% to hit)
You throw a large rock. The large rock barely misses the orc.
The orc hits you with a +0 club.
* * * LOW HITPOINT WARNING * * *
The orc hits you with a +0 club.
* * * LOW HITPOINT WARNING * * *
Throw: 5 large rocks
Press: ? - help, Q - select action, (/) - cycle Shift-Dir - straight line, f/p - orc
Aim: an orc, wielding a +0 club and wearing a +0 scale mail (lightly wounded, 60% to hit)
You throw a large rock. The large rock barely misses the orc.
The orc hits you but does no damage.
Throw: 59 stones
Press: ? - help, Q - select action, (/) - cycle Shift-Dir - straight line, f/p - orc
Aim: an orc, wielding a +0 club and wearing a +0 scale mail (lightly wounded, 60% to hit)
Okay, then.
Unknown command.
Casting: Summon Small Mammal (safe; 24% risk of failure)
Confirm with . or Enter, or press ? or * to list all spells.
Aiming: Slow (safe; 7% risk of failure)
Press: ? - help, Shift-Dir - straight line, f/p - orc
Aim: an orc, wielding a +0 club and wearing a +0 scale mail (lightly wounded, chance to affect: 66%)
The orc struggles to resist.
The orc hits you with a +0 club.
* * * LOW HITPOINT WARNING * * *
Unknown command.
Okay, then.
The orc hits you with a +0 club.
You die...

.#...##....##รท...####
####
.######....##....# #
.# #....##....# # ##
#....####..# # ####.#
#..# #
#.####..#############
#
#...................#
#
#######.###########.#
# #####@### #.# #
#....o..# #####.# #
#.....### #<....#
#..(..# #######
###.### #.#
##############.#
...............#
################


You could see an orc.

Vanquished Creatures
  2 adders (D:2)
  A dart slug (D:3)
  9 orcs
  6 bats
  5 endoplasms
  3 giant cockroaches
  7 hobgoblins
  3 jackals (D:3)
  5 kobolds
  3 quokkas
  8 ball pythons
  A frilled lizard (D:1)
  6 goblins
  3 rats
62 creatures vanquished.

Notes
Turn   | Place    | Note
-------+----------+-------------------------------------------
     0 | D:1      | Minsecho the Ogre Arcane Marksman began the quest for the
                  | Orb.
     0 | D:1      | Reached XP level 1. HP: 19/19 MP: 2/2
   387 | D:1      | Reached XP level 2. HP: 27/27 MP: 3/3
   510 | D:1      | Found Peaz's Weapon Shoppe.
   714 | D:1      | Found a faded altar of an unknown god.
   933 | D:1      | Reached XP level 3. HP: 33/33 MP: 5/5
  2751 | D:3      | Reached XP level 4. HP: 41/41 MP: 6/6
  3297 | D:3      | Found a glowing golden altar of the Shining One.
  3582 | D:4      | Found Okohifea's Jewellery Shop.
  3913 | D:3      | Learned a level 1 spell: Summon Small Mammal
  3939 | D:3      | HP: 2/42 [orc (2)]
  3940 | D:3      | Slain by an orc

Illustrated notes

Levels and vault maps discovered:
D:1:      kennysheep_arrival_forest, layout_loops_ring,
          ebering_ecumenical_altar_rust, serial_shops, nicolae_square_shop,
          minmay_misc_feat_ornament
D:2:      layout_loops_corners, chequers_serial_rivers_micro_a
D:3:      layout_basic, tso_oasis_becter
D:4:      minmay_spotlight, layout_rooms, serial_shops, nicolae_square_shop

Skill      XL: |  1  2  3  4 |
---------------+-------------+-----
Dodging        | 2 |  2.3
Hexes          | 3 |  3.1
Throwing       | 3 |  3.5
Fighting       | |  1.8
Stealth        | |  0.3
Spellcasting   | |  1.7

Action                   |  1- 3 |  4- 6 || total
-------------------------+-------+-------++-------
Melee: Unarmed           |    21 |       ||    21
       Dagger            |    39 |    63 ||   102
       Punch             |     1 |     1 ||     2
Throw: Large rock        |    34 |     2 ||    36
       Throwing net      |     2 |       ||     2
       Boomerang         |    19 |    43 ||    62
       Stone             |       |    29 ||    29
 Cast: Slow              |     4 |     4 ||     8
       Summon Small Mamm |       |     2 ||     2
 Stab: Held in net/web   |     1 |       ||     1
Armor: Robe              |    34 |    22 ||    56
Dodge: Dodged            |    48 |    66 ||   114
